[ AOE2 MATCH · #488553095 ]
UnrankedKhmer vs Tatars
[ REPLAY ANALYSIS · EXTRACTED FROM THE RECORDED GAME ]
Feudal
13:48
Castle
16:42
Imperial
—
| APM avg | 67.1 |
| APM peak | 141 |
| eAPM avg | 39.6 |
| Villagers / military | 86 / 16 |
Focus
⚔️ 39.9% · 🌾 60.1%
Fishing Ship ×20 · Ballista Elephant ×15 · Monk ×1 · Trade Cart ×1
Feudal
14:05
Castle
17:40
Imperial
—
| APM avg | 36.2 |
| APM peak | 60 |
| eAPM avg | 19.0 |
| Villagers / military | 47 / 10 |
Focus
⚔️ 37.5% · 🌾 62.5%
Fishing Ship ×12 · Mangonel ×4 · Cavalry Archer ×4 · Keshik ×1 · Demolition Raft ×1
Feudal
12:28
Castle
20:00
Imperial
—
| APM avg | 38.7 |
| APM peak | 71 |
| eAPM avg | 15.7 |
| Villagers / military | 61 / 18 |
Focus
⚔️ 27.3% · 🌾 72.7%
Eagle Scout ×13 · Fishing Ship ×9 · Mangonel ×5 · Unknown (2626) ×3
Feudal
13:06
Castle
18:22
Imperial
—
| APM avg | 57.9 |
| APM peak | 91 |
| eAPM avg | 32.5 |
| Villagers / military | 95 / 35 |
Focus
⚔️ 37.8% · 🌾 62.2%
Elephant Archer ×32 · Fishing Ship ×25 · Skirmisher ×3
Feudal
13:03
Castle
16:39
Imperial
—
| APM avg | 52.2 |
| APM peak | 105 |
| eAPM avg | 25.8 |
| Villagers / military | 71 / 22 |
Focus
⚔️ 56.8% · 🌾 43.2%
Mameluke ×17 · Fishing Ship ×8 · Monk ×5
Feudal
—
Castle
—
Imperial
—
| APM avg | 18.9 |
| APM peak | 69 |
| eAPM avg | 9.0 |
| Villagers / military | 24 / 0 |
Focus
⚔️ 21.9% · 🌾 78.1%
Fishing Ship ×15
Feudal
13:23
Castle
23:13
Imperial
—
| APM avg | 25.9 |
| APM peak | 46 |
| eAPM avg | 14.0 |
| Villagers / military | 81 / 12 |
Focus
⚔️ 22.5% · 🌾 77.5%
Archer ×9 · Monk ×3
Feudal
12:33
Castle
19:32
Imperial
—
| APM avg | 55.3 |
| APM peak | 93 |
| eAPM avg | 34.9 |
| Villagers / military | 80 / 8 |
Focus
⚔️ 41.6% · 🌾 58.4%
Fishing Ship ×14 · Unknown (2626) ×12 · Knight ×4 · Monk ×2 · Fire Galley ×2
Match map
Initial resources + every placement click. Lines = walls · curves = elevation contours. ◆ gold · ⬟ stone · ● berries · ✦ relic · ◌ wall gap
Your base· Open — unwalled flank
Dk's base· Open — unwalled flank
Jugador de Repuesto's base· Open — unwalled flank
Oni.Lewis's base· Open — 13t gap
OIDA | .#sILVER's base· Open — 9t gap
VIT Liereyy's base· Open — unwalled flank
小妖's base· Open — 10t gap
Oni.Nacho's base· Open — unwalled flank
Smoothed initial terrain · ◌ = detected wall gap · hover for details
Inputs per minute
— Oni.TheViper - - Dk
Build order — Oni.TheViper
First 150 of 197 actions detected
| 0:17 | Build | Town Center |
| 0:55 | Build | Dock |
| 2:34 | Create | Villager (Male) |
| 2:34 | Create | Villager (Male) |
| 2:34 | Create | Villager (Male) |
| 2:35 | Create | Villager (Male) |
| 2:35 | Create | Villager (Male) |
| 3:14 | Create | Fishing Ship |
| 3:15 | Create | Fishing Ship |
| 3:31 | Create | Villager (Male) |
| 3:51 | Build | House |
| 4:32 | Create | Villager (Male) |
| 4:50 | Create | Fishing Ship |
| 5:06 | Create | Villager (Male) |
| 5:06 | Create | Villager (Male) |
| 5:34 | Build | House |
| 5:36 | Create | Villager (Male) |
| 5:46 | Build | House |
| 5:54 | Create | Fishing Ship |
| 5:54 | Create | Fishing Ship |
| 6:01 | Build | House |
| 6:13 | Create | Villager (Male) |
| 6:13 | Create | Villager (Male) |
| 6:38 | Create | Villager (Male) |
| 6:38 | Create | Villager (Male) |
| 6:40 | Create | Fishing Ship |
| 6:51 | Build | House |
| 6:58 | Create | Villager (Male) |
| 6:58 | Create | Villager (Male) |
| 7:27 | Create | Fishing Ship |
| 7:28 | Create | Villager (Male) |
| 7:52 | Create | Villager (Male) |
| 7:52 | Create | Villager (Male) |
| 8:05 | Create | Fishing Ship |
| 8:10 | Create | Villager (Male) |
| 8:12 | Create | Villager (Male) |
| 8:21 | Create | Villager (Male) |
| 8:24 | Build | Palisade Wall |
| 8:24 | Build | Palisade Wall |
| 8:28 | Build | Palisade Wall |
| 8:28 | Build | Palisade Wall |
| 8:40 | Build | Lumber Camp |
| 8:54 | Create | Villager (Male) |
| 9:02 | Create | Fishing Ship |
| 9:02 | Create | Fishing Ship |
| 9:12 | Build | House |
| 9:13 | Research | Loom |
| 9:26 | Create | Villager (Male) |
| 9:51 | Create | Villager (Male) |
| 9:52 | Create | Villager (Male) |
| 9:55 | Create | Fishing Ship |
| 10:00 | Create | Villager (Male) |
| 10:21 | Build | House |
| 10:39 | Build | Dock |
| 10:54 | Create | Fishing Ship |
| 10:54 | Create | Fishing Ship |
| 10:55 | Create | Villager (Male) |
| 11:17 | Create | Fishing Ship |
| 11:23 | Research | Feudal Age |
| 11:23 | Research | Feudal Age |
| 11:37 | Build | Mining Camp |
| 11:57 | Create | Fishing Ship |
| 11:57 | Create | Fishing Ship |
| 12:18 | Create | Fishing Ship |
| 12:19 | Create | Fishing Ship |
| 12:57 | Create | Fishing Ship |
| 13:11 | Create | Fishing Ship |
| 13:42 | Build | Farm |
| 13:48 | Age | Feudal Age |
| 14:02 | Research | Castle Age |
| 14:37 | Build | Market |
| 15:40 | Build | Palisade Wall |
| 15:42 | Build | Palisade Wall |
| 15:43 | Build | Palisade Wall |
| 15:45 | Build | Palisade Wall |
| 15:48 | Build | Palisade Wall |
| 15:52 | Build | Palisade Wall |
| 16:20 | Create | Villager (Male) |
| 16:42 | Age | Castle Age |
| 16:49 | Create | Villager (Male) |
| 16:55 | Research | Loom |
| 17:20 | Build | Castle |
| 17:26 | Create | Villager (Male) |
| 18:00 | Create | Ballista Elephant |
| 18:01 | Create | Ballista Elephant |
| 18:16 | Build | Town Center |
| 18:30 | Create | Ballista Elephant |
| 18:31 | Create | Ballista Elephant |
| 18:32 | Create | Villager (Male) |
| 18:34 | Create | Villager (Male) |
| 19:07 | Create | Villager (Male) |
| 19:14 | Create | Ballista Elephant |
| 19:16 | Create | Villager (Male) |
| 19:18 | Create | Villager (Male) |
| 19:41 | Build | Farm |
| 19:58 | Create | Ballista Elephant |
| 19:58 | Create | Ballista Elephant |
| 19:59 | Create | Ballista Elephant |
| 20:08 | Create | Villager (Male) |
| 20:10 | Create | Villager (Male) |
| 20:10 | Create | Villager (Male) |
| 20:12 | Build | Farm |
| 20:13 | Build | Farm |
| 20:18 | Create | Villager (Male) |
| 20:33 | Create | Ballista Elephant |
| 20:33 | Create | Ballista Elephant |
| 20:34 | Create | Villager (Male) |
| 20:40 | Research | Tech 906 |
| 20:40 | Research | Tech 906 |
| 21:03 | Build | House |
| 21:11 | Create | Villager (Male) |
| 21:22 | Create | Ballista Elephant |
| 21:34 | Build | Monastery |
| 21:35 | Create | Villager (Male) |
| 21:44 | Create | Villager (Male) |
| 22:09 | Create | Ballista Elephant |
| 22:09 | Create | Villager (Male) |
| 22:18 | Create | Villager (Male) |
| 22:27 | Create | Villager (Male) |
| 22:29 | Build | Farm |
| 22:30 | Build | Farm |
| 22:30 | Create | Villager (Male) |
| 22:31 | Build | Farm |
| 22:47 | Create | Villager (Male) |
| 22:50 | Create | Ballista Elephant |
| 22:51 | Create | Villager (Male) |
| 22:55 | Create | Villager (Male) |
| 23:01 | Build | Town Center |
| 23:04 | Create | Villager (Male) |
| 23:10 | Create | Monk |
| 23:11 | Create | Villager (Male) |
| 23:26 | Create | Ballista Elephant |
| 23:26 | Create | Villager (Male) |
| 23:39 | Research | Wheelbarrow |
| 23:39 | Research | Wheelbarrow |
| 23:46 | Create | Villager (Male) |
| 23:55 | Create | Villager (Male) |
| 24:11 | Build | House |
| 24:11 | Build | House |
| 24:11 | Build | House |
| 24:28 | Research | Gillnets |
| 24:43 | Create | Villager (Male) |
| 24:43 | Create | Ballista Elephant |
| 24:51 | Create | Villager (Male) |
| 24:56 | Build | Town Center |
| 25:04 | Create | Villager (Male) |
| 25:11 | Create | Villager (Male) |
| 25:11 | Create | Villager (Male) |
| 25:15 | Create | Villager (Male) |
| 25:39 | Create | Trade Cart |
Build order — Dk
119 actions detected in the replay
| 0:11 | Build | Town Center |
| 0:53 | Build | Dock |
| 0:54 | Build | House |
| 2:39 | Create | Villager (Male) |
| 2:39 | Create | Villager (Male) |
| 2:40 | Create | Villager (Male) |
| 2:40 | Create | Villager (Male) |
| 4:04 | Create | Villager (Male) |
| 4:09 | Create | Fishing Ship |
| 4:09 | Create | Fishing Ship |
| 4:35 | Build | House |
| 4:44 | Research | Loom |
| 5:18 | Create | Villager (Male) |
| 5:18 | Create | Villager (Male) |
| 5:20 | Create | Fishing Ship |
| 5:45 | Create | Villager (Male) |
| 5:45 | Create | Villager (Male) |
| 6:10 | Create | Villager (Male) |
| 6:11 | Create | Fishing Ship |
| 6:17 | Build | House |
| 6:40 | Create | Villager (Male) |
| 6:56 | Create | Fishing Ship |
| 7:04 | Create | Villager (Male) |
| 7:04 | Create | Villager (Male) |
| 7:24 | Create | Villager (Male) |
| 7:25 | Create | Fishing Ship |
| 7:26 | Create | Fishing Ship |
| 7:38 | Build | House |
| 7:57 | Create | Villager (Male) |
| 7:57 | Create | Villager (Male) |
| 8:16 | Create | Villager (Male) |
| 8:16 | Create | Fishing Ship |
| 8:18 | Build | House |
| 8:44 | Create | Villager (Male) |
| 8:55 | Create | Villager (Male) |
| 8:56 | Create | Fishing Ship |
| 9:04 | Build | Mill |
| 9:50 | Create | Villager (Male) |
| 9:55 | Build | House |
| 9:57 | Build | Palisade Wall |
| 9:58 | Build | Palisade Wall |
| 9:58 | Build | Palisade Wall |
| 10:08 | Create | Villager (Male) |
| 10:20 | Build | Mining Camp |
| 10:21 | Create | Villager (Male) |
| 10:24 | Create | Fishing Ship |
| 10:42 | Build | Palisade Wall |
| 10:43 | Build | Palisade Wall |
| 10:48 | Create | Villager (Male) |
| 10:54 | Build | Palisade Wall |
| 10:54 | Build | Palisade Wall |
| 10:55 | Build | Palisade Wall |
| 10:56 | Build | Palisade Wall |
| 11:06 | Create | Fishing Ship |
| 11:23 | Create | Villager (Male) |
| 11:32 | Build | Palisade Wall |
| 11:50 | Build | Mining Camp |
| 11:54 | Research | Feudal Age |
| 13:11 | Build | Lumber Camp |
| 13:25 | Create | Villager (Male) |
| 13:25 | Create | Villager (Male) |
| 14:05 | Age | Feudal Age |
| 14:07 | Build | Blacksmith |
| 14:08 | Build | Market |
| 14:36 | Build | House |
| 15:00 | Research | Castle Age |
| 15:35 | Research | Double-Bit Axe |
| 16:15 | Build | Barracks |
| 16:18 | Create | Villager (Male) |
| 17:08 | Create | Demolition Raft |
| 17:14 | Create | Fishing Ship |
| 17:32 | Build | Archery Range |
| 17:40 | Age | Castle Age |
| 17:48 | Build | Archery Range |
| 17:49 | Research | Fletching |
| 17:50 | Create | Villager (Male) |
| 17:55 | Research | Bow Saw |
| 18:20 | Build | House |
| 18:22 | Build | House |
| 18:24 | Build | House |
| 18:25 | Build | House |
| 18:28 | Create | Villager (Male) |
| 18:29 | Create | Cavalry Archer |
| 18:31 | Create | Villager (Male) |
| 18:35 | Research | Gold Mining |
| 19:02 | Create | Cavalry Archer |
| 19:24 | Create | Cavalry Archer |
| 19:30 | Build | Palisade Wall |
| 19:38 | Create | Villager (Male) |
| 19:49 | Research | Bodkin Arrow |
| 19:51 | Create | Cavalry Archer |
| 20:29 | Create | Villager (Male) |
| 20:55 | Build | Town Center |
| 22:38 | Build | Siege Workshop |
| 23:30 | Create | Villager (Male) |
| 23:39 | Create | Villager (Male) |
| 23:57 | Build | Town Center |
| 24:02 | Create | Villager (Male) |
| 24:05 | Research | Wheelbarrow |
| 25:00 | Create | Mangonel |
| 25:35 | Create | Mangonel |
| 25:37 | Create | Villager (Male) |
| 25:40 | Create | Villager (Male) |
| 26:06 | Create | Mangonel |
| 26:24 | Create | Villager (Male) |
| 26:29 | Create | Mangonel |
| 26:30 | Create | Villager (Male) |
| 26:45 | Create | Villager (Male) |
| 26:46 | Research | Stone Mining |
| 26:47 | Create | Villager (Male) |
| 27:04 | Create | Villager (Male) |
| 27:05 | Create | Villager (Male) |
| 27:22 | Create | Villager (Male) |
| 27:43 | Build | Castle |
| 27:57 | Create | Villager (Male) |
| 28:04 | Build | Palisade Wall |
| 28:26 | Create | Villager (Male) |
| 28:54 | Create | Keshik |
| 29:35 | Create | Villager (Male) |
Build order — Jugador de Repuesto
First 150 of 153 actions detected
| 0:11 | Build | Town Center |
| 1:03 | Build | Dock |
| 1:04 | Build | House |
| 2:31 | Create | Villager (Male) |
| 2:31 | Create | Villager (Male) |
| 2:31 | Create | Villager (Male) |
| 2:38 | Create | Villager (Male) |
| 3:49 | Create | Fishing Ship |
| 3:49 | Create | Fishing Ship |
| 4:12 | Research | Loom |
| 4:23 | Create | Villager (Male) |
| 4:27 | Build | House |
| 5:05 | Build | House |
| 5:09 | Create | Villager (Male) |
| 5:09 | Create | Villager (Male) |
| 5:23 | Create | Villager (Male) |
| 5:40 | Create | Fishing Ship |
| 5:41 | Create | Fishing Ship |
| 5:53 | Create | Villager (Male) |
| 5:54 | Create | Villager (Male) |
| 6:12 | Build | House |
| 6:21 | Create | Villager (Male) |
| 6:47 | Create | Fishing Ship |
| 6:51 | Create | Villager (Male) |
| 6:51 | Create | Villager (Male) |
| 7:03 | Create | Villager (Male) |
| 7:18 | Create | Fishing Ship |
| 7:25 | Build | House |
| 7:38 | Create | Villager (Male) |
| 7:56 | Create | Villager (Male) |
| 8:16 | Create | Villager (Male) |
| 8:36 | Create | Villager (Male) |
| 8:36 | Create | Villager (Male) |
| 8:41 | Create | Fishing Ship |
| 9:10 | Create | Fishing Ship |
| 9:29 | Create | Villager (Male) |
| 9:57 | Build | Mill |
| 10:06 | Create | Villager (Male) |
| 10:11 | Build | House |
| 10:18 | Research | Feudal Age |
| 10:31 | Build | Mining Camp |
| 10:43 | Build | Outpost |
| 11:48 | Build | Barracks |
| 11:56 | Create | Villager (Male) |
| 12:28 | Age | Feudal Age |
| 12:34 | Create | Unit 2626 |
| 12:40 | Build | House |
| 12:47 | Create | Eagle Scout |
| 12:50 | Create | Villager (Male) |
| 13:26 | Build | Mill |
| 13:31 | Create | Villager (Male) |
| 13:49 | Create | Unit 2626 |
| 14:05 | Create | Villager (Male) |
| 14:11 | Build | Farm |
| 14:11 | Build | Farm |
| 14:54 | Create | Fishing Ship |
| 15:15 | Create | Villager (Male) |
| 15:20 | Build | Blacksmith |
| 15:25 | Create | Villager (Male) |
| 15:42 | Create | Villager (Male) |
| 16:03 | Create | Unit 2626 |
| 16:10 | Build | Market |
| 16:22 | Create | Villager (Male) |
| 16:47 | Create | Villager (Male) |
| 16:54 | Build | Farm |
| 16:56 | Research | Horse Collar |
| 16:59 | Build | Farm |
| 17:18 | Research | Castle Age |
| 17:52 | Build | Lumber Camp |
| 18:24 | Research | Double-Bit Axe |
| 18:28 | Build | Farm |
| 18:30 | Build | Farm |
| 18:48 | Create | Eagle Scout |
| 19:10 | Research | Scale Mail Armor |
| 19:27 | Create | Eagle Scout |
| 19:30 | Build | Farm |
| 19:34 | Build | Farm |
| 19:44 | Create | Villager (Male) |
| 19:52 | Build | Farm |
| 20:00 | Age | Castle Age |
| 20:04 | Build | House |
| 20:12 | Build | Siege Workshop |
| 20:13 | Create | Villager (Male) |
| 20:22 | Create | Eagle Scout |
| 20:36 | Research | Squires |
| 21:00 | Build | House |
| 21:01 | Create | Villager (Male) |
| 21:10 | Create | Mangonel |
| 21:13 | Create | Villager (Male) |
| 21:21 | Create | Villager (Male) |
| 21:28 | Create | Eagle Scout |
| 21:53 | Create | Villager (Male) |
| 21:58 | Create | Mangonel |
| 22:05 | Create | Eagle Scout |
| 22:11 | Create | Villager (Male) |
| 22:16 | Create | Mangonel |
| 22:22 | Create | Eagle Scout |
| 22:30 | Create | Villager (Male) |
| 22:35 | Create | Villager (Male) |
| 22:58 | Build | Barracks |
| 22:59 | Create | Villager (Male) |
| 23:10 | Create | Villager (Male) |
| 23:17 | Create | Eagle Scout |
| 23:29 | Research | Arson |
| 23:47 | Create | Eagle Scout |
| 23:50 | Build | House |
| 23:51 | Create | Eagle Scout |
| 24:10 | Create | Villager (Male) |
| 24:48 | Create | Villager (Male) |
| 25:03 | Create | Mangonel |
| 25:15 | Create | Mangonel |
| 25:23 | Build | Outpost |
| 25:27 | Research | Forging |
| 25:33 | Create | Villager (Male) |
| 25:33 | Create | Villager (Male) |
| 25:53 | Build | Town Center |
| 26:12 | Build | House |
| 26:24 | Create | Eagle Scout |
| 26:24 | Create | Eagle Scout |
| 26:35 | Build | House |
| 27:02 | Create | Villager (Male) |
| 27:03 | Create | Villager (Male) |
| 27:06 | Create | Villager (Male) |
| 27:14 | Create | Villager (Male) |
| 27:15 | Create | Villager (Male) |
| 27:25 | Build | Mining Camp |
| 27:30 | Build | Farm |
| 27:30 | Build | Farm |
| 27:30 | Build | Farm |
| 27:31 | Build | Farm |
| 27:45 | Build | Town Center |
| 28:01 | Create | Villager (Male) |
| 28:19 | Create | Villager (Male) |
| 28:32 | Build | Farm |
| 28:33 | Build | Farm |
| 28:37 | Build | Farm |
| 28:38 | Create | Villager (Male) |
| 28:39 | Create | Villager (Male) |
| 28:42 | Create | Villager (Male) |
| 28:50 | Create | Eagle Scout |
| 28:56 | Build | Farm |
| 29:00 | Create | Villager (Male) |
| 29:14 | Create | Villager (Male) |
| 29:14 | Create | Villager (Male) |
| 29:19 | Build | Farm |
| 29:21 | Build | Farm |
| 29:23 | Create | Villager (Male) |
| 29:28 | Create | Villager (Male) |
| 29:28 | Create | Villager (Male) |
| 29:31 | Build | Farm |
Build order — Oni.Lewis
First 150 of 234 actions detected
| 0:04 | Build | Town Center |
| 0:33 | Build | House |
| 2:01 | Build | Dock |
| 2:26 | Create | Villager (Male) |
| 2:26 | Create | Villager (Male) |
| 2:26 | Create | Villager (Male) |
| 2:34 | Create | Villager (Male) |
| 3:33 | Create | Fishing Ship |
| 4:10 | Research | Loom |
| 4:30 | Create | Villager (Male) |
| 4:59 | Create | Villager (Male) |
| 5:09 | Create | Fishing Ship |
| 5:35 | Create | Villager (Male) |
| 5:35 | Create | Villager (Male) |
| 5:53 | Build | House |
| 6:02 | Create | Villager (Male) |
| 6:02 | Create | Villager (Male) |
| 6:23 | Create | Fishing Ship |
| 6:23 | Create | Fishing Ship |
| 6:38 | Create | Villager (Male) |
| 6:47 | Build | Palisade Wall |
| 6:48 | Build | Palisade Wall |
| 6:49 | Build | Palisade Wall |
| 6:49 | Build | Palisade Wall |
| 6:49 | Build | Palisade Wall |
| 6:50 | Build | Palisade Wall |
| 6:51 | Build | Palisade Wall |
| 6:51 | Build | Palisade Wall |
| 6:52 | Build | Palisade Wall |
| 6:59 | Create | Villager (Male) |
| 7:00 | Create | Villager (Male) |
| 7:28 | Create | Villager (Male) |
| 7:29 | Create | Fishing Ship |
| 7:55 | Create | Villager (Male) |
| 7:56 | Create | Villager (Male) |
| 7:56 | Create | Villager (Male) |
| 8:05 | Build | House |
| 8:17 | Create | Villager (Male) |
| 8:25 | Create | Fishing Ship |
| 8:29 | Build | House |
| 8:54 | Create | Villager (Male) |
| 9:10 | Create | Villager (Male) |
| 9:10 | Create | Villager (Male) |
| 9:13 | Create | Villager (Male) |
| 9:13 | Create | Villager (Male) |
| 9:17 | Build | House |
| 9:24 | Build | House |
| 9:29 | Create | Villager (Male) |
| 9:30 | Create | Villager (Male) |
| 9:31 | Build | House |
| 9:47 | Create | Villager (Male) |
| 9:50 | Build | Palisade Wall |
| 9:52 | Build | Palisade Wall |
| 9:55 | Create | Villager (Male) |
| 9:56 | Create | Villager (Male) |
| 9:57 | Create | Villager (Male) |
| 9:58 | Create | Villager (Male) |
| 10:06 | Create | Fishing Ship |
| 10:07 | Create | Fishing Ship |
| 10:10 | Build | House |
| 10:15 | Build | Mill |
| 10:18 | Create | Villager (Male) |
| 10:21 | Create | Villager (Male) |
| 10:27 | Build | Palisade Wall |
| 10:51 | Create | Villager (Male) |
| 10:56 | Research | Feudal Age |
| 10:56 | Research | Feudal Age |
| 11:03 | Create | Fishing Ship |
| 11:33 | Create | Villager (Male) |
| 11:40 | Build | Lumber Camp |
| 11:50 | Create | Villager (Male) |
| 12:06 | Create | Villager (Male) |
| 12:12 | Build | House |
| 12:18 | Build | Mining Camp |
| 12:49 | Build | Dock |
| 12:54 | Create | Villager (Male) |
| 13:06 | Age | Feudal Age |
| 13:09 | Create | Fishing Ship |
| 13:18 | Create | Fishing Ship |
| 13:22 | Research | Double-Bit Axe |
| 13:24 | Create | Villager (Male) |
| 13:26 | Create | Villager (Male) |
| 13:32 | Build | Outpost |
| 13:45 | Build | Outpost |
| 13:46 | Create | Villager (Male) |
| 13:48 | Create | Fishing Ship |
| 13:49 | Create | Fishing Ship |
| 13:56 | Build | Outpost |
| 14:10 | Build | Market |
| 14:13 | Create | Villager (Male) |
| 14:49 | Build | Blacksmith |
| 14:50 | Create | Villager (Male) |
| 14:59 | Create | Villager (Male) |
| 15:09 | Build | Outpost |
| 15:42 | Research | Castle Age |
| 15:45 | Build | House |
| 16:06 | Create | Fishing Ship |
| 16:06 | Create | Fishing Ship |
| 16:11 | Create | Villager (Male) |
| 16:18 | Research | Tech 906 |
| 16:18 | Research | Tech 906 |
| 16:37 | Research | Gold Mining |
| 16:37 | Research | Gold Mining |
| 16:40 | Create | Villager (Male) |
| 16:52 | Create | Fishing Ship |
| 16:56 | Create | Villager (Male) |
| 17:14 | Create | Fishing Ship |
| 17:45 | Build | Barracks |
| 18:04 | Create | Fishing Ship |
| 18:04 | Create | Fishing Ship |
| 18:07 | Build | House |
| 18:15 | Create | Villager (Male) |
| 18:22 | Age | Castle Age |
| 18:27 | Build | Archery Range |
| 18:28 | Build | Archery Range |
| 18:33 | Research | Bow Saw |
| 18:34 | Research | Bow Saw |
| 18:38 | Build | House |
| 18:40 | Build | Palisade Wall |
| 18:42 | Build | Palisade Gate |
| 18:51 | Build | Archery Range |
| 18:52 | Create | Villager (Male) |
| 19:00 | Create | Villager (Male) |
| 19:07 | Create | Villager (Male) |
| 19:09 | Research | Fletching |
| 19:18 | Create | Villager (Male) |
| 19:26 | Create | Elephant Archer |
| 19:30 | Create | Villager (Male) |
| 19:34 | Create | Elephant Archer |
| 19:34 | Create | Fishing Ship |
| 19:35 | Create | Fishing Ship |
| 19:39 | Create | Fishing Ship |
| 19:53 | Build | Dock |
| 19:54 | Create | Villager (Male) |
| 19:55 | Research | Bodkin Arrow |
| 19:55 | Research | Bodkin Arrow |
| 20:00 | Create | Elephant Archer |
| 20:01 | Create | Elephant Archer |
| 20:06 | Create | Villager (Male) |
| 20:35 | Create | Elephant Archer |
| 20:38 | Create | Elephant Archer |
| 20:39 | Create | Elephant Archer |
| 20:39 | Create | Villager (Male) |
| 20:47 | Create | Villager (Male) |
| 20:55 | Create | Villager (Male) |
| 21:02 | Create | Villager (Male) |
| 21:05 | Build | University |
| 21:15 | Create | Villager (Male) |
| 21:24 | Build | House |
| 21:24 | Create | Villager (Male) |
Build order — OIDA | .#sILVER
First 150 of 159 actions detected
| 0:09 | Build | Town Center |
| 1:12 | Build | Dock |
| 1:12 | Build | House |
| 2:32 | Create | Villager (Male) |
| 2:32 | Create | Villager (Male) |
| 2:32 | Create | Villager (Male) |
| 2:33 | Create | Villager (Male) |
| 3:29 | Create | Fishing Ship |
| 3:58 | Build | House |
| 4:06 | Research | Loom |
| 4:24 | Create | Villager (Male) |
| 4:52 | Create | Villager (Male) |
| 4:52 | Create | Villager (Male) |
| 5:10 | Create | Villager (Male) |
| 5:36 | Create | Fishing Ship |
| 5:39 | Create | Villager (Male) |
| 5:57 | Build | House |
| 6:06 | Create | Villager (Male) |
| 6:32 | Create | Fishing Ship |
| 6:38 | Create | Villager (Male) |
| 6:53 | Create | Villager (Male) |
| 7:22 | Create | Fishing Ship |
| 7:26 | Create | Villager (Male) |
| 7:29 | Build | House |
| 7:41 | Create | Villager (Male) |
| 7:56 | Create | Villager (Male) |
| 8:18 | Create | Fishing Ship |
| 8:35 | Create | Villager (Male) |
| 8:41 | Create | Fishing Ship |
| 8:50 | Create | Villager (Male) |
| 9:10 | Build | House |
| 9:27 | Create | Fishing Ship |
| 9:33 | Create | Villager (Male) |
| 9:42 | Build | Mining Camp |
| 10:00 | Create | Villager (Male) |
| 10:27 | Create | Villager (Male) |
| 10:38 | Research | Feudal Age |
| 10:51 | Create | Fishing Ship |
| 10:54 | Build | Mill |
| 11:02 | Build | House |
| 12:16 | Create | Villager (Male) |
| 12:18 | Create | Villager (Male) |
| 12:33 | Build | House |
| 13:03 | Age | Feudal Age |
| 13:04 | Build | Market |
| 13:05 | Build | Blacksmith |
| 13:59 | Research | Castle Age |
| 14:24 | Build | Lumber Camp |
| 15:40 | Build | Mining Camp |
| 15:47 | Research | Double-Bit Axe |
| 16:39 | Age | Castle Age |
| 16:43 | Build | Castle |
| 16:52 | Create | Villager (Male) |
| 16:56 | Create | Villager (Male) |
| 17:03 | Research | Fletching |
| 17:25 | Create | Villager (Male) |
| 17:38 | Build | Mill |
| 17:43 | Create | Mameluke |
| 17:44 | Create | Villager (Male) |
| 17:52 | Create | Villager (Male) |
| 18:02 | Build | Lumber Camp |
| 18:13 | Create | Villager (Male) |
| 18:47 | Create | Mameluke |
| 19:10 | Create | Villager (Male) |
| 19:11 | Create | Villager (Male) |
| 19:22 | Create | Mameluke |
| 19:26 | Create | Mameluke |
| 19:35 | Create | Villager (Male) |
| 19:37 | Create | Villager (Male) |
| 19:46 | Build | Mill |
| 19:59 | Create | Villager (Male) |
| 20:10 | Create | Villager (Male) |
| 20:17 | Research | Scale Barding Armor |
| 20:41 | Create | Mameluke |
| 20:42 | Create | Mameluke |
| 20:54 | Create | Mameluke |
| 20:55 | Create | Mameluke |
| 20:57 | Build | Farm |
| 20:57 | Build | Farm |
| 21:11 | Build | Farm |
| 21:12 | Build | Farm |
| 21:13 | Build | Farm |
| 21:13 | Create | Villager (Male) |
| 21:23 | Create | Mameluke |
| 21:27 | Create | Villager (Male) |
| 21:47 | Create | Villager (Male) |
| 21:48 | Build | Monastery |
| 21:57 | Create | Villager (Male) |
| 21:58 | Build | Farm |
| 22:26 | Create | Monk |
| 22:32 | Create | Villager (Male) |
| 22:32 | Create | Mameluke |
| 22:34 | Build | Farm |
| 22:34 | Build | Farm |
| 22:38 | Create | Villager (Male) |
| 22:38 | Create | Villager (Male) |
| 22:49 | Create | Mameluke |
| 23:01 | Create | Villager (Male) |
| 23:15 | Create | Mameluke |
| 23:21 | Create | Monk |
| 23:21 | Create | Monk |
| 23:24 | Create | Villager (Male) |
| 23:32 | Create | Villager (Male) |
| 23:42 | Create | Villager (Male) |
| 23:44 | Build | Farm |
| 23:45 | Build | Farm |
| 23:46 | Build | Farm |
| 23:57 | Create | Villager (Male) |
| 24:03 | Research | Bow Saw |
| 24:04 | Create | Villager (Male) |
| 24:09 | Create | Villager (Male) |
| 24:37 | Create | Villager (Male) |
| 24:37 | Create | Villager (Male) |
| 24:42 | Create | Mameluke |
| 24:45 | Create | Villager (Male) |
| 24:50 | Build | Town Center |
| 24:51 | Create | Villager (Male) |
| 24:58 | Research | Horse Collar |
| 24:58 | Research | Horse Collar |
| 25:08 | Create | Mameluke |
| 25:10 | Create | Villager (Male) |
| 25:12 | Create | Villager (Male) |
| 25:14 | Create | Villager (Male) |
| 25:30 | Create | Mameluke |
| 25:35 | Create | Villager (Male) |
| 25:37 | Build | Farm |
| 25:38 | Build | Farm |
| 25:43 | Create | Villager (Male) |
| 25:52 | Create | Villager (Male) |
| 25:57 | Research | Sanctity |
| 26:01 | Create | Villager (Male) |
| 26:01 | Create | Villager (Male) |
| 26:06 | Create | Villager (Male) |
| 26:08 | Build | House |
| 26:08 | Build | House |
| 26:20 | Research | Forging |
| 26:28 | Research | Wheelbarrow |
| 26:31 | Create | Villager (Male) |
| 26:36 | Create | Villager (Male) |
| 26:47 | Create | Villager (Male) |
| 26:47 | Create | Villager (Male) |
| 26:59 | Research | Redemption |
| 27:11 | Create | Villager (Male) |
| 27:11 | Create | Villager (Male) |
| 27:18 | Create | Villager (Male) |
| 27:18 | Create | Villager (Male) |
| 27:23 | Create | Villager (Male) |
| 27:23 | Create | Villager (Male) |
| 27:49 | Create | Mameluke |
| 28:01 | Create | Mameluke |
Build order — VIT Liereyy
59 actions detected in the replay
| 0:53 | Build | Town Center |
| 1:44 | Build | Dock |
| 1:49 | Build | Palisade Wall |
| 1:51 | Build | Palisade Wall |
| 2:54 | Create | Villager (Male) |
| 2:55 | Create | Villager (Male) |
| 2:55 | Create | Villager (Male) |
| 2:55 | Create | Villager (Male) |
| 2:55 | Create | Villager (Male) |
| 3:03 | Create | Villager (Male) |
| 3:03 | Create | Villager (Male) |
| 3:41 | Create | Fishing Ship |
| 3:41 | Create | Fishing Ship |
| 4:17 | Build | House |
| 4:30 | Create | Villager (Male) |
| 4:30 | Create | Villager (Male) |
| 4:52 | Create | Fishing Ship |
| 4:53 | Create | Fishing Ship |
| 5:31 | Create | Fishing Ship |
| 5:32 | Create | Fishing Ship |
| 5:32 | Create | Fishing Ship |
| 5:35 | Create | Villager (Male) |
| 5:40 | Build | House |
| 5:48 | Build | Palisade Wall |
| 6:09 | Create | Fishing Ship |
| 6:09 | Create | Fishing Ship |
| 6:14 | Build | Palisade Wall |
| 6:18 | Build | Palisade Wall |
| 6:25 | Create | Villager (Male) |
| 6:25 | Create | Villager (Male) |
| 6:36 | Build | Palisade Wall |
| 6:43 | Build | Palisade Wall |
| 7:03 | Create | Villager (Male) |
| 7:03 | Create | Villager (Male) |
| 7:07 | Create | Fishing Ship |
| 7:27 | Create | Villager (Male) |
| 7:27 | Create | Villager (Male) |
| 7:28 | Create | Villager (Male) |
| 7:37 | Create | Fishing Ship |
| 7:56 | Build | House |
| 8:04 | Create | Villager (Male) |
| 8:30 | Create | Villager (Male) |
| 8:46 | Create | Fishing Ship |
| 8:46 | Create | Fishing Ship |
| 8:49 | Create | Villager (Male) |
| 8:56 | Build | Palisade Wall |
| 8:56 | Build | Palisade Wall |
| 8:58 | Build | Palisade Wall |
| 9:01 | Build | Palisade Wall |
| 9:30 | Build | House |
| 9:31 | Create | Fishing Ship |
| 9:35 | Create | Villager (Male) |
| 10:03 | Build | House |
| 10:08 | Create | Villager (Male) |
| 10:21 | Create | Fishing Ship |
| 10:39 | Build | Palisade Wall |
| 10:45 | Create | Villager (Male) |
| 10:46 | Create | Villager (Male) |
| 10:49 | Build | Mining Camp |
Build order — 小妖
First 150 of 167 actions detected
| 0:20 | Build | Town Center |
| 2:44 | Create | Villager (Male) ×4 |
| 4:21 | Create | Villager (Male) |
| 4:21 | Create | Villager (Male) |
| 4:21 | Create | Villager (Male) |
| 4:52 | Research | Loom |
| 5:10 | Create | Villager (Male) |
| 5:15 | Build | Mill |
| 5:29 | Create | Villager (Male) |
| 5:30 | Create | Villager (Male) |
| 5:30 | Create | Villager (Male) |
| 6:00 | Create | Villager (Male) |
| 6:00 | Create | Villager (Male) |
| 6:01 | Create | Villager (Male) |
| 6:07 | Create | Villager (Male) |
| 6:49 | Create | Villager (Male) |
| 6:49 | Create | Villager (Male) |
| 6:49 | Create | Villager (Male) |
| 7:29 | Create | Villager (Male) |
| 7:36 | Create | Villager (Male) |
| 7:59 | Create | Villager (Male) |
| 8:22 | Create | Villager (Male) |
| 8:40 | Create | Villager (Male) |
| 8:58 | Build | Lumber Camp |
| 9:00 | Create | Villager (Male) |
| 9:12 | Create | Villager (Male) |
| 10:01 | Create | Villager (Male) |
| 10:24 | Create | Villager (Male) |
| 10:53 | Build | Mining Camp |
| 11:13 | Research | Feudal Age |
| 11:53 | Build | Barracks |
| 13:23 | Age | Feudal Age |
| 13:24 | Create | Villager (Male) |
| 13:24 | Create | Villager (Male) |
| 13:27 | Build | Archery Range |
| 13:32 | Build | Watch Tower |
| 13:40 | Build | Stone Wall |
| 13:43 | Build | Stone Wall |
| 13:47 | Build | Stone Wall |
| 13:53 | Build | Blacksmith |
| 13:55 | Create | Villager (Male) |
| 14:03 | Research | Double-Bit Axe |
| 14:23 | Create | Archer |
| 14:32 | Research | Fletching |
| 14:32 | Research | Fletching |
| 14:32 | Research | Fletching |
| 14:36 | Build | Stone Wall |
| 14:37 | Build | Stone Wall |
| 14:38 | Build | Stone Wall |
| 14:43 | Create | Archer |
| 14:45 | Create | Villager (Male) |
| 15:06 | Create | Archer |
| 15:11 | Create | Archer |
| 15:22 | Create | Villager (Male) |
| 15:22 | Create | Villager (Male) |
| 15:30 | Build | Mill |
| 15:37 | Create | Archer |
| 15:42 | Create | Archer |
| 15:52 | Build | Outpost |
| 16:07 | Build | Market |
| 16:14 | Create | Archer |
| 16:34 | Create | Archer |
| 16:40 | Create | Villager (Male) |
| 16:40 | Create | Villager (Male) |
| 17:11 | Create | Villager (Male) |
| 17:12 | Create | Villager (Male) |
| 17:12 | Create | Villager (Male) |
| 17:15 | Build | Farm |
| 17:16 | Build | Farm |
| 17:17 | Build | Farm |
| 17:25 | Create | Archer |
| 17:58 | Create | Villager (Male) |
| 18:03 | Build | Farm |
| 18:04 | Build | Farm |
| 18:05 | Build | Farm |
| 18:06 | Create | Villager (Male) |
| 18:18 | Research | Horse Collar |
| 18:18 | Research | Horse Collar |
| 18:39 | Create | Villager (Male) |
| 18:44 | Build | Farm |
| 19:48 | Create | Villager (Male) |
| 19:48 | Create | Villager (Male) |
| 19:51 | Build | Farm |
| 20:33 | Research | Castle Age |
| 20:38 | Build | Mining Camp |
| 22:50 | Create | Villager (Male) |
| 22:50 | Create | Villager (Male) |
| 23:13 | Age | Castle Age |
| 23:18 | Create | Villager (Male) |
| 23:26 | Build | Town Center |
| 23:29 | Create | Villager (Male) |
| 23:36 | Build | Town Center |
| 23:45 | Research | Bow Saw |
| 23:57 | Create | Villager (Male) |
| 24:08 | Build | Monastery |
| 24:10 | Create | Villager (Male) |
| 24:35 | Research | Heavy Plow |
| 24:35 | Research | Heavy Plow |
| 24:35 | Research | Heavy Plow |
| 24:54 | Create | Villager (Male) |
| 24:54 | Create | Villager (Male) |
| 24:59 | Create | Villager (Male) |
| 24:59 | Create | Villager (Male) |
| 25:00 | Create | Villager (Male) |
| 25:01 | Create | Villager (Male) |
| 25:03 | Create | Monk |
| 25:04 | Create | Monk |
| 25:11 | Build | Farm |
| 25:16 | Build | Farm |
| 25:20 | Build | Farm |
| 25:22 | Build | Farm |
| 25:23 | Create | Villager (Male) |
| 25:43 | Create | Villager (Male) |
| 25:45 | Build | Farm |
| 25:46 | Build | Farm |
| 25:49 | Build | Farm |
| 25:54 | Create | Villager (Male) |
| 25:59 | Create | Villager (Male) |
| 26:01 | Create | Villager (Male) |
| 26:03 | Build | Farm |
| 26:04 | Build | Farm |
| 26:06 | Build | Farm |
| 26:09 | Build | Farm |
| 26:11 | Create | Monk |
| 26:23 | Create | Villager (Male) |
| 26:25 | Create | Villager (Male) |
| 26:33 | Build | Mill |
| 26:36 | Create | Villager (Male) |
| 26:39 | Build | Farm |
| 26:42 | Create | Villager (Male) |
| 26:50 | Create | Villager (Male) |
| 26:55 | Build | Farm |
| 27:00 | Build | Farm |
| 27:01 | Build | Farm |
| 27:02 | Build | Farm |
| 27:04 | Create | Villager (Male) |
| 27:07 | Build | Farm |
| 27:08 | Build | Farm |
| 27:10 | Create | Villager (Male) |
| 27:14 | Build | Farm |
| 27:17 | Create | Villager (Male) |
| 27:24 | Build | Farm |
| 27:27 | Create | Villager (Male) |
| 27:31 | Create | Villager (Male) |
| 27:56 | Create | Villager (Male) |
| 28:00 | Build | Farm |
| 28:03 | Build | Farm |
| 28:07 | Create | Villager (Male) |
| 28:10 | Build | Farm |
| 28:12 | Create | Villager (Male) |
Build order — Oni.Nacho
First 150 of 198 actions detected
| 0:31 | Build | Town Center |
| 1:43 | Build | House |
| 1:46 | Build | House |
| 2:45 | Create | Villager (Male) |
| 2:45 | Create | Villager (Male) |
| 2:47 | Create | Villager (Male) |
| 2:47 | Create | Villager (Male) |
| 2:48 | Create | Villager (Male) |
| 4:04 | Build | Dock |
| 4:21 | Create | Villager (Male) |
| 4:22 | Create | Villager (Male) |
| 4:44 | Create | Fishing Ship |
| 4:49 | Create | Villager (Male) |
| 5:17 | Create | Villager (Male) |
| 5:17 | Create | Villager (Male) |
| 5:24 | Create | Fishing Ship |
| 5:48 | Create | Villager (Male) |
| 5:48 | Create | Villager (Male) |
| 6:00 | Build | House |
| 6:22 | Create | Villager (Male) |
| 6:23 | Create | Villager (Male) |
| 6:32 | Create | Fishing Ship |
| 6:53 | Create | Villager (Male) |
| 6:53 | Create | Villager (Male) |
| 7:07 | Create | Fishing Ship |
| 7:14 | Create | Villager (Male) |
| 7:14 | Create | Villager (Male) |
| 7:40 | Create | Villager (Male) |
| 7:40 | Create | Villager (Male) |
| 7:43 | Create | Fishing Ship |
| 8:06 | Create | Villager (Male) |
| 8:06 | Create | Villager (Male) |
| 8:21 | Create | Fishing Ship |
| 8:30 | Build | House |
| 8:37 | Research | Loom |
| 8:48 | Create | Fishing Ship |
| 9:06 | Create | Villager (Male) |
| 9:28 | Create | Villager (Male) |
| 9:36 | Build | Lumber Camp |
| 9:53 | Build | House |
| 9:58 | Create | Villager (Male) |
| 10:22 | Research | Feudal Age |
| 10:22 | Research | Feudal Age |
| 10:33 | Create | Fishing Ship |
| 11:05 | Build | Mining Camp |
| 11:53 | Build | Dock |
| 12:04 | Build | Palisade Wall |
| 12:05 | Create | Villager (Male) |
| 12:06 | Create | Villager (Male) |
| 12:33 | Age | Feudal Age |
| 12:37 | Build | Blacksmith |
| 12:39 | Create | Unit 2626 |
| 12:44 | Create | Unit 2626 |
| 13:04 | Research | Double-Bit Axe |
| 13:17 | Create | Villager (Male) |
| 13:29 | Build | Mill |
| 13:42 | Create | Villager (Male) |
| 13:45 | Build | Lumber Camp |
| 13:58 | Create | Villager (Male) |
| 14:21 | Create | Unit 2626 |
| 14:22 | Create | Villager (Male) |
| 14:22 | Create | Villager (Male) |
| 14:27 | Build | House |
| 14:27 | Build | House |
| 14:28 | Build | House |
| 14:37 | Create | Unit 2626 |
| 14:52 | Research | Forging |
| 14:55 | Create | Unit 2626 |
| 14:58 | Create | Unit 2626 |
| 15:24 | Create | Villager (Male) |
| 15:36 | Build | Market |
| 15:58 | Create | Villager (Male) |
| 16:03 | Create | Unit 2626 |
| 16:10 | Create | Unit 2626 |
| 16:52 | Research | Castle Age |
| 16:53 | Research | Castle Age |
| 16:55 | Create | Unit 2626 |
| 17:08 | Build | Dock |
| 17:16 | Create | Unit 2626 |
| 17:30 | Research | Forging |
| 17:30 | Research | Forging |
| 17:38 | Create | Unit 2626 |
| 17:38 | Create | Unit 2626 |
| 17:59 | Create | Fire Galley |
| 18:30 | Build | Barracks |
| 18:42 | Create | Fire Galley |
| 18:57 | Create | Villager (Male) |
| 19:32 | Age | Castle Age |
| 19:35 | Research | War Galley (upgrade) |
| 19:35 | Research | War Galley (upgrade) |
| 19:36 | Create | Villager (Male) |
| 19:41 | Research | Bow Saw |
| 20:00 | Create | Villager (Male) |
| 20:16 | Build | Town Center |
| 20:30 | Create | Villager (Male) |
| 20:30 | Create | Villager (Male) |
| 20:54 | Research | Tech 906 |
| 20:54 | Research | Tech 906 |
| 20:55 | Create | Fishing Ship |
| 20:58 | Create | Villager (Male) |
| 21:00 | Research | Gold Mining |
| 21:00 | Research | Gold Mining |
| 21:04 | Build | Lumber Camp |
| 21:11 | Create | Villager (Male) |
| 21:14 | Build | Palisade Wall |
| 21:16 | Build | Palisade Wall |
| 21:24 | Create | Villager (Male) |
| 21:25 | Create | Villager (Male) |
| 21:42 | Create | Fishing Ship |
| 21:44 | Create | Villager (Male) |
| 21:44 | Create | Villager (Male) |
| 21:46 | Build | Palisade Wall |
| 21:48 | Build | Palisade Wall |
| 21:59 | Build | Palisade Wall |
| 22:04 | Create | Villager (Male) |
| 22:08 | Build | Town Center |
| 22:18 | Create | Villager (Male) |
| 22:26 | Create | Villager (Male) |
| 22:26 | Create | Villager (Male) |
| 22:32 | Create | Villager (Male) |
| 22:41 | Build | Palisade Wall |
| 22:43 | Build | Palisade Wall |
| 22:44 | Build | Palisade Wall |
| 22:46 | Build | Palisade Wall |
| 22:47 | Build | Palisade Wall |
| 22:53 | Create | Villager (Male) |
| 22:55 | Create | Villager (Male) |
| 22:58 | Build | Stable |
| 23:15 | Create | Fishing Ship |
| 23:19 | Create | Villager (Male) |
| 23:25 | Create | Villager (Male) |
| 23:28 | Create | Villager (Male) |
| 23:38 | Research | Scale Barding Armor |
| 23:38 | Research | Scale Barding Armor |
| 23:51 | Create | Villager (Male) |
| 23:52 | Create | Villager (Male) |
| 23:57 | Create | Knight |
| 24:03 | Create | Villager (Male) |
| 24:27 | Create | Knight |
| 24:29 | Build | House |
| 24:31 | Build | House |
| 25:09 | Create | Fishing Ship |
| 25:09 | Create | Fishing Ship |
| 25:09 | Create | Fishing Ship |
| 25:13 | Build | House |
| 25:15 | Build | Monastery |
| 25:34 | Create | Villager (Male) |
| 25:48 | Create | Monk |
| 26:07 | Create | Villager (Male) |
| 26:07 | Create | Villager (Male) |
Match timeline
| 0:53 | Dk · first_building Dock |
| 0:55 | Oni.TheViper · first_building Dock |
| 1:03 | Jugador de Repuesto · first_building Dock |
| 1:12 | OIDA | .#sILVER · first_building Dock |
| 1:44 | VIT Liereyy · first_building Dock |
| 1:49 | VIT Liereyy · wall_segment Palisade Wall x1 |
| 1:51 | VIT Liereyy · wall_segment Palisade Wall x1 |
| 2:01 | Oni.Lewis · first_building Dock |
| 4:04 | Oni.Nacho · first_building Dock |
| 5:48 | VIT Liereyy · wall_segment Palisade Wall x1 |
| 6:14 | VIT Liereyy · wall_segment Palisade Wall x1 |
| 6:18 | VIT Liereyy · wall_segment Palisade Wall x1 |
| 6:36 | VIT Liereyy · wall_segment Palisade Wall x1 |
| 6:43 | VIT Liereyy · wall_segment Palisade Wall x1 |
| 6:47 | Oni.Lewis · wall_segment Palisade Wall x1 |
| 6:48 | Oni.Lewis · wall_segment Palisade Wall x1 |
| 6:49 | Oni.Lewis · wall_segment Palisade Wall x1 |
| 6:49 | Oni.Lewis · wall_segment Palisade Wall x1 |
| 6:49 | Oni.Lewis · wall_segment Palisade Wall x1 |
| 6:50 | Oni.Lewis · wall_segment Palisade Wall x1 |
| 6:51 | Oni.Lewis · wall_segment Palisade Wall x1 |
| 6:51 | Oni.Lewis · wall_segment Palisade Wall x1 |
| 6:52 | Oni.Lewis · wall_segment Palisade Wall x1 |
| 8:24 | Oni.TheViper · wall_segment Palisade Wall x1 |
| 8:24 | Oni.TheViper · wall_segment Palisade Wall x1 |
| 8:28 | Oni.TheViper · wall_segment Palisade Wall x1 |
| 8:28 | Oni.TheViper · wall_segment Palisade Wall x1 |
| 8:56 | VIT Liereyy · wall_segment Palisade Wall x1 |
| 8:56 | VIT Liereyy · wall_segment Palisade Wall x1 |
| 8:58 | VIT Liereyy · wall_segment Palisade Wall x1 |
| 9:01 | VIT Liereyy · wall_segment Palisade Wall x1 |
| 9:50 | Oni.Lewis · wall_segment Palisade Wall x1 |
| 9:52 | Oni.Lewis · wall_segment Palisade Wall x1 |
| 9:57 | Dk · wall_segment Palisade Wall x1 |
| 9:58 | Dk · wall_segment Palisade Wall x1 |
| 9:58 | Dk · wall_segment Palisade Wall x1 |
| 10:27 | Oni.Lewis · wall_segment Palisade Wall x1 |
| 10:39 | VIT Liereyy · wall_segment Palisade Wall x6 |
| 10:42 | Dk · wall_segment Palisade Wall x1 |
| 10:43 | Dk · wall_segment Palisade Wall x1 |
| 10:54 | Dk · wall_segment Palisade Wall x1 |
| 10:54 | Dk · wall_segment Palisade Wall x1 |
| 10:55 | Dk · wall_segment Palisade Wall x1 |
| 10:56 | Dk · wall_segment Palisade Wall x1 |
| 11:32 | Dk · wall_segment Palisade Wall x1 |
| 11:48 | Jugador de Repuesto · first_building Barracks |
| 11:52 | VIT Liereyy · resign |
| 11:53 | 小妖 · first_building Barracks |
| 12:04 | Oni.Nacho · wall_segment Palisade Wall x1 |
| 12:28 | Jugador de Repuesto · age_up feudal |
| 12:33 | Oni.Nacho · age_up feudal |
| 13:03 | OIDA | .#sILVER · age_up feudal |
| 13:06 | Oni.Lewis · age_up feudal |
| 13:23 | 小妖 · age_up feudal |
| 13:27 | 小妖 · first_building Archery Range |
| 13:40 | 小妖 · wall_segment Stone Wall x2 |
| 13:43 | 小妖 · wall_segment Stone Wall x1 |
| 13:47 | 小妖 · wall_segment Stone Wall x1 |
| 13:48 | Oni.TheViper · age_up feudal |
| 13:57 | OIDA | .#sILVER · first_market_sell 100 stone |
| 14:05 | Dk · age_up feudal |
| 14:36 | 小妖 · wall_segment Stone Wall x1 |
| 14:37 | 小妖 · wall_segment Stone Wall x1 |
| 14:38 | 小妖 · wall_segment Stone Wall x1 |
| 15:28 | Oni.Lewis · first_market_sell 100 stone |
| 15:29 | Oni.Lewis · first_market_buy 100 food |
| 15:40 | Oni.TheViper · wall_segment Palisade Wall x1 |
| 15:42 | Oni.TheViper · wall_segment Palisade Wall x1 |
| 15:43 | Oni.TheViper · wall_segment Palisade Wall x1 |
| 15:45 | Oni.TheViper · wall_segment Palisade Wall x1 |
| 15:46 | OIDA | .#sILVER · first_market_buy 100 stone |
| 15:48 | Oni.TheViper · wall_segment Palisade Wall x2 |
| 15:52 | Oni.TheViper · wall_segment Palisade Wall x2 |
| 16:15 | Dk · first_building Barracks |
| 16:39 | OIDA | .#sILVER · age_up castle |
| 16:41 | Oni.TheViper · first_market_buy 500 stone |
| 16:42 | Oni.TheViper · age_up castle |
| 16:43 | Oni.TheViper · first_market_sell 500 food |
| 16:43 | OIDA | .#sILVER · first_building Castle |
| 17:10 | 小妖 · first_market_buy 100 food |
| 17:17 | Jugador de Repuesto · first_market_buy 100 food |
| 17:20 | Oni.TheViper · first_building Castle |
| 17:32 | Dk · first_building Archery Range |
| 17:40 | Dk · age_up castle |
| 17:45 | Oni.Lewis · first_building Barracks |
| 18:22 | Oni.Lewis · age_up castle |
| 18:27 | Oni.Lewis · first_building Archery Range |
| 18:30 | Oni.Nacho · first_building Barracks |
| 18:40 | Oni.Lewis · wall_segment Palisade Wall x1 |
| 19:30 | Dk · wall_segment Palisade Wall x7 |
| 19:32 | Oni.Nacho · age_up castle |
| 20:00 | Jugador de Repuesto · age_up castle |
| 20:01 | 小妖 · first_market_sell 100 wood |
| 20:12 | Jugador de Repuesto · first_building Siege Workshop |
| 21:14 | Oni.Nacho · wall_segment Palisade Wall x1 |
| 21:16 | Oni.Nacho · wall_segment Palisade Wall x1 |
| 21:34 | Oni.TheViper · first_building Monastery |
| 21:46 | Oni.Nacho · wall_segment Palisade Wall x3 |
| 21:48 | Oni.Nacho · wall_segment Palisade Wall x1 |
| 21:48 | OIDA | .#sILVER · first_building Monastery |
| 21:59 | Oni.Nacho · wall_segment Palisade Wall x1 |
| 22:36 | Dk · first_market_buy 100 wood |
| 22:38 | Dk · first_building Siege Workshop |
| 22:41 | Oni.Nacho · wall_segment Palisade Wall x1 |
| 22:43 | Oni.Nacho · wall_segment Palisade Wall x1 |
| 22:44 | Oni.Nacho · wall_segment Palisade Wall x1 |
| 22:46 | Oni.Nacho · wall_segment Palisade Wall x1 |
| 22:47 | Oni.Nacho · wall_segment Palisade Wall x1 |
| 22:58 | Oni.Nacho · first_building Stable |
| 23:13 | 小妖 · age_up castle |
| 24:08 | 小妖 · first_building Monastery |
| 25:15 | Oni.Nacho · first_building Monastery |
| 26:20 | Oni.Nacho · first_market_sell 100 wood |
| 27:43 | Dk · first_building Castle |
| 28:04 | Dk · wall_segment Palisade Wall x1 |
| 28:43 | OIDA | .#sILVER · wall_segment Stone Wall x1 |
| 28:45 | OIDA | .#sILVER · wall_segment Stone Wall x1 |
| 28:46 | OIDA | .#sILVER · wall_segment Stone Wall x1 |
| 29:16 | Oni.Nacho · first_building Castle |
[ AI ANALYSIS · 1 CREDIT ]
What really happened in this match?
Wolo.gg analyzes every decision: build order, eco, micro, common mistakes by bracket. Personalized analysis on WhatsApp or Discord in 30 seconds.
Civ guide
Khmer
Perfil
Jugador #196240